 Dungeon Crawl Stone Soup version 0.23.2-1-ga50397a (webtiles) character file.

Game seed: 18202593468096821272

120 MalarOregon the Digger (level 5, 0/38 HPs)
             Began as a Ghoul Earth Elementalist on May 26, 2019.
             Slain by a sky beast (5 damage)
             ... on level 3 of the Dungeon.
             The game lasted 00:04:09 (1974 turns).

MalarOregon the Digger (Ghoul Earth Elementalist)   Turns: 1974, Time: 00:04:09

Health: 0/38       AC:  3    Str: 12    XL:     5   Next: 4%
Magic:  1/8        EV: 12    Int: 11    God:
Gold:   178        SH:  0    Dex:  9    Spells: 6/10 levels left

rFire    . . .     SeeInvis .   (no weapon)
rCold    + . .     Gourm    .   (no shield)
rNeg     + + +     Faith    .   c - +0 robe
rPois    ∞         Spirit   .   (no helmet)
rElec    .         Reflect  .   (no cloak)
rCorr    .         Harm     .   (no gloves)
MR       .....                  l - +0 pair of boots
Stlth    ++........             (no amulet)
HPRegen  0.00/turn              (no ring)
MPRegen  0.11/turn              (no ring)

@: rotting
A: rotting body, claws 1, carnivore, cold resistance 1, negative energy
resistance 3, inhibited regeneration, torment resistance, unbreathing
a: no special abilities


You were on level 3 of the Dungeon.
You were not hungry.

You visited 1 branch of the dungeon, and saw 3 of its levels.

You collected 178 gold pieces.

Inventory:

Missiles
 b - 116 stones (quivered)
Armour
 c - a +0 robe (worn)
 l - a +0 pair of boots (worn)
   (You found it on level 2 of the Dungeon)
Wands
 x - a wand of acid (7)
   (You found it on level 2 of the Dungeon)
Scrolls
 h - a scroll of immolation {!r}
Potions
 a - 3 potions of might
 d - a potion of heal wounds {unknown}
 g - a potion of flight {unknown}
 i - a potion of invisibility {unknown}
 j - a potion of curing {unknown}
 k - a potion of agility
 m - a potion of magic {unknown}
Comestibles
 e - 6 rations {!d}


   Skills:
 - Level 1.7 Dodging
 - Level 2.1 Stealth
 + Level 3.2 Spellcasting
   Level 0.8 Transmutations
 + Level 4.9 Earth Magic


You had 6 spell levels left.
You knew the following spells:

 Your Spells              Type           Power        Failure   Level  Hunger
a - Sandblast             Erth           ##....       3%          1    #......
x - Stone Arrow           Conj/Erth      #.....       28%         3    ###....

Your spell library contained the following spells:

 Spells                   Type           Power        Failure   Level  Hunger
 Passwall                 Tmut/Erth      #.......     12%         2    ###....
 Petrify                  Tmut/Erth      #.......     61%         4    #####..
 Lee's Rapid Deconstruct  Erth           ##........   67%         5    ######.


Dungeon Overview and Level Annotations

Branches:
Dungeon (3/15)

Altars:
Nemelex Xobeh


Innate Abilities, Weirdness & Mutations

Your body is rotting away.
You thrive on raw meat.
You are immune to poison.
You have sharp fingernails.
You are carnivorous and can eat meat at any time.
Your flesh is cold resistant. (rC+)
You are immune to negative energy. (rN+++)
You do not regenerate when monsters are visible.
You are immune to unholy pain and torment.
You can survive without breathing.


Message History

b - 118 stones Something hits you but does no damage.
Aim: a rat The blast of sand hits the rat.
You kill the rat!
b - 117 stones Something hits you but does no damage.
You barely miss something. Something hits you but does no damage.
You miss something. Something completely misses you.
Unknown command.
You closely miss something. Something hits you. Something shocks you.
You miss something. Something hits you but does no damage.
b - 116 stones A sky beast appears from thin air!
Reactivating autopickup.
The sky beast hits you but does no damage.
Unknown command.
You scratch the sky beast but do no damage.
The sky beast hits you.
* * * LOW HITPOINT WARNING * * *
The sky beast shocks you.
* * * LOW HITPOINT WARNING * * *
You scratch the sky beast. The sky beast misses you.
You miss the sky beast. The sky beast barely misses you.
You barely miss the sky beast.
The sky beast hits you but does no damage.
Eat one of 3 chunks of flesh? (ye/n/q)
You eat one of the 3 chunks of flesh.
This raw flesh tastes great!
The sky beast hits you.
* * * LOW HITPOINT WARNING * * *
The sky beast shocks you.
* * * LOW HITPOINT WARNING * * *
Eat one of 2 chunks of flesh? (ye/n/q)
You eat one of the 2 chunks of flesh.
This raw flesh tastes great!
The sky beast hits you.
* * * LOW HITPOINT WARNING * * *
The sky beast shocks you.
* * * LOW HITPOINT WARNING * * *
Eat a chunk of flesh? (ye/n/q)
You eat the chunk of flesh.
This raw flesh tastes great!
The sky beast flickers out of sight!
Deactivating autopickup; reactivate with Ctrl-A.
Something hits you.
* * * LOW HITPOINT WARNING * * *
Something shocks you.
You die...

##. .. .. .## # ..#
.# ##.##.# ##..{†.#
#..@## #####.#..##
..........##
...........########
..............[...#
..........#.......#
###.#######.......#
#. ##......# .
#..<...#


There were no monsters in sight!

Vanquished Creatures
  Jessica (D:2)
  A gnoll (D:1)
  2 adders (D:2)
  2 worms
  4 dart slugs
  A leopard gecko (D:2)
  A ball python (D:2)
  7 bats
  2 giant cockroaches
  4 goblins
  8 hobgoblins
  A quokka (D:2)
  5 frilled lizards
  8 kobolds
  5 rats
52 creatures vanquished.

Notes
Turn   | Place    | Note
-------+----------+-------------------------------------------
     0 | D:1      | MalarOregon the Ghoul Earth Elementalist began the quest
                  | for the Orb.
     0 | D:1      | Reached XP level 1. HP: 14/14 MP: 2/2
   282 | D:1      | Reached XP level 2. HP: 20/20 MP: 2/4
   606 | D:1      | Reached skill level 4 in Earth Magic
   606 | D:1      | Reached XP level 3. HP: 20/26 MP: 0/5
  1091 | D:2      | Learned a level 3 spell: Stone Arrow
  1244 | D:2      | Noticed Jessica
  1258 | D:2      | Killed Jessica
  1258 | D:2      | Reached XP level 4. HP: 32/33 MP: 0/7
  1336 | D:2      | Found a sparkling altar of Nemelex Xobeh.
  1921 | D:3      | Reached XP level 5. HP: 37/38 MP: 5/8
  1957 | D:3      | Noticed a sky beast
  1973 | D:3      | HP: 1/38 [sky beast (6)]
  1974 | D:3      | Slain by a sky beast

Skill      XL: |  1  2  3  4 |
---------------+-------------+-----
Spellcasting   | 2 3 |  3.2
Earth Magic    | 4 |  4.9
Dodging        | |  1.7
Stealth        | |  2.1
Transmutations | |  0.8

Action                   |  1- 3 |  4- 6 || total
-------------------------+-------+-------++-------
Melee: Unarmed           |    21 |    17 ||    38
 Cast: Sandblast         |    47 |    41 ||    88
  Use: Scroll            |     4 |     2 ||     6
 Stab: Sleeping          |       |     3 ||     3
  Eat: Chunk             |    10 |     3 ||    13
Armor: Robe              |     6 |    10 ||    16
Dodge: Dodged            |    21 |    16 ||    37
